 Dungeon Crawl Stone Soup version 0.31.0-12-g77e489cdc1 (webtiles) character file.

Game seed: 10310799903171064242

109 Killerpretzel the Changeling (level 4, 0/29 HPs)
             Began as an Octopode Shapeshifter on Feb 12, 2024.
             Constricted to death by Ijyb (4 damage)
             ... on level 3 of the Dungeon on Feb 13, 2024.
             The game lasted 00:03:19 (1552 turns).

Killerpretzel the Changeling (OpSh)                 Turns: 1552, Time: 00:03:19

Health: 0/29       AC:  1    Str: 13    XL:     4   Next: 89%
Magic:  4/4        EV: 10    Int: 12    God:
Gold:   203        SH:  0    Dex: 13    Spells: 3/3 levels left

rFire   . .          .
                       - Unarmed
rCold   . . .        (no shield)
rNeg    . . .        (helmet currently unavailable)
rPois   .            (no amulet)
rElec   .            (no ring)
rCorr   .            (no ring)
SInv    .            (no ring)
Will    .....        (no ring)
Stlth   ++           (no ring)
HPRegen 0.24/turn    (no ring)
MPRegen 0.09/turn    (no ring)
                     (no ring)

%: no passive effects
@: beast-form, grasped by roots, constricted
A: beast (slay +2), almost no armour, amphibious, 8 rings, camouflage 1,
gelatinous body 1, (nimble swimmer 1), tentacles
a: Begin Untransformation


You were on level 3 of the Dungeon.
You were a hulking beast.
You visited 1 branch of the dungeon, and saw 3 of its levels.

You collected 203 gold pieces.

Inventory:

Talismans
 b - a beast talisman
 c - a flux talisman
Potions
 a - a potion of lignification
 d - a potion of haste
 f - a potion of resistance
 g - a potion of cancellation
 h - a potion of enlightenment {unknown}
 i - a potion of mutation {unknown}
 k - a potion of curing {unknown}
 l - a potion of heal wounds {unknown}
 m - a potion of attraction {unknown}


   Skills:
 + Level 2.1 Fighting
 + Level 2.8 Dodging
 + Level 3.5 Unarmed Combat
 * Level 3.9 Shapeshifting


You had 3 spell levels left.
You didn't know any spells.
Your spell library was empty.

Dungeon Overview and Level Annotations

Branches:
Dungeon (3/15)

Altars:
Trog

Annotations:
D:3 Ijyb


Innate Abilities, Weirdness & Mutations

You are a hulking beast.
Your limbs bulge with bestial killing power. (Slay +2)
You cannot wear most types of armour.
You are amphibious.
You can wear up to eight rings at the same time.
Your skin changes colour to match your surroundings (Stealth+).
Your rubbery body absorbs attacks. (AC +1, EV +1)
((You are camouflaged when in or above water. (Stealth+)))
You have tentacles for arms and can constrict up to eight enemies at once.


Message History

You tentacle-slap the giant cockroach.
You kill the giant cockroach!
Ijyb shouts!
The ball python bites you. The ball python barely misses you.
The frilled lizard hisses angrily.
You tentacle-slap the ball python. You grab the ball python.
You squeeze the ball python.
You kill the ball python!
Ijyb zaps a wand.
The roots erupt in riotous growth!
The grasping roots grab you! The grasping roots constrict you!
You hear a shout! x2
You are too injured to fight recklessly!
You are too injured to fight recklessly!
You are too injured to fight recklessly!
You are too injured to fight recklessly!
You are too injured to fight recklessly!
There are monsters nearby!
You escape the roots grasp.
Ijyb zaps a wand.
The roots erupt in riotous growth!
The grasping roots grab you! The grasping roots constrict you.
You hear a shout!
You escape the roots grasp.
A goblin comes into view. It is wielding a +0 dagger.
Ijyb zaps a wand.
The roots erupt in riotous growth!
The grasping roots grab you!
The frilled lizard is unaffected.
Ijyb is unaffected.
The grasping roots constrict you. The frilled lizard closely misses you.
You tentacle-slap Ijyb. You grab Ijyb.
Ijyb is lightly wounded.
You constrict Ijyb, but do no damage. Ijyb hits you with a +0 dagger.
The grasping roots constrict you.
* * * LOW HITPOINT WARNING * * *
The frilled lizard closely misses you.
You tentacle-slap Ijyb.
Ijyb is heavily wounded.
You constrict Ijyb, but do no damage. Ijyb misses you.
The grasping roots constrict you.
You die...

.. ..... .# ##...# .# .#
#....# .# .# #.... .# #.#
#...# .###.## #..g#
..#...##### #...#
<.........#######g..##..
.......##.#.....hl.....#
..)..#.................#
..#.##....#............#
..#.>..#..#######...###..
.###.......# #...# ##.
.####.....## #..[#
.........## #...#
#######.## ...# #.#


You could see Ijyb, a goblin and a frilled lizard.

Vanquished Creatures
  4 gnolls (D:2)
  2 adders (D:2)
  A ribbon worm (D:2)
  3 ball pythons
  3 bats
  4 endoplasms
  4 giant cockroaches
  6 goblins
  5 hobgoblins
  3 kobolds
  6 quokkas
  6 rats
47 creatures vanquished.

Notes
Turn   | Place    | Note
-------+----------+-------------------------------------------
     0 | D:1      | Killerpretzel the Octopode Shapeshifter began the quest for
                  | the Orb.
     0 | D:1      | Reached XP level 1. HP: 13/13 MP: 1/1
    21 | D:1      | Reached XP level 2. HP: 4/18 MP: 2/2
   363 | D:1      | Reached XP level 3. HP: 12/23 MP: 3/3
   822 | D:2      | Found a bloodstained altar of Trog.
   997 | D:2      | Reached XP level 4. HP: 29/29 MP: 4/4
  1539 | D:3      | Noticed Ijyb
  1552 | D:3      | Constricted to death by Ijyb

Illustrated notes

Levels and vault maps discovered:
D:1:      mrwooster_arrival_statue, layout_rooms
D:2:      layout_basic, basic_altar
D:3:      layout_loops_cross, uniq_ijyb

Skill      XL: |  1  2  3  4 |
---------------+-------------+-----
Fighting       | 2 |  2.1
Dodging        | |  2.8
Unarmed Combat | |  3.5
Shapeshifting  | |  3.9

Action                     |  1- 3 |  4- 6 || total
---------------------------+-------+-------++-------
  Melee: Unarmed           |    61 |    22 ||    83
         Constrict         |    15 |     7 ||    22
         Tentacles         |    12 |     8 ||    20
         Punch             |     2 |     1 ||     3
    Use: Scroll            |     2 |     4 ||     6
   Stab: Sleeping          |     3 |     2 ||     5
 Armour: Skin              |    30 |    12 ||    42
  Dodge: Dodged            |    29 |    20 ||    49
